Cogmind - Beta 16 @@@ ROGUE MODE // 2025.10.25 @ 00:31:47 Player: Miwa Result: Destroyed by EN-7JF(R) with Subdweller Laser Performance ------------- Evolutions (0) 0 Regions Visited (3) 600 Robots Destroyed (29) 145 Value Destroyed (690) 690 Prototype IDs (0) 0 Alien Tech Used (0) 0 Bonus (0) 0 TOTAL SCORE: 1435 Bonus ------- None Cogmind --------- Core Integrity 0/250 Matter 271/300 Energy 250/250 System Corruption 0% Temperature Cool (6) Movement Rolling (110) Location -10/Subcaves Parts ------- > --- POWER (1) -------- Ion Engine > --- PROPULSION (2) --- Aluminum Leg Subdweller Monowheel > --- UTILITY (2) ------ Medium Storage Unit Signal Interpreter > --- WEAPON (2) ------- Battle Rifle Grenade Launcher > --- INVENTORY (10) --- Flight Unit Weight Redist. System Machine Analyzer Targeting Computer ECM Suite Recalibrator Particle Gun Slug Cannon Datajack Mining Laser Peak State ------------ > --- POWER ------------ Ion Engine > --- PROPULSION ------- Aluminum Leg Subdweller Monowheel > --- UTILITY ---------- Medium Storage Unit Signal Interpreter > --- WEAPON ----------- Particle Gun Battle Rifle > --- INVENTORY -------- Flight Unit Weight Redist. System Machine Analyzer Targeting Computer ECM Suite Recalibrator Grenade Launcher Datajack Mining Laser [Rating: 11] Favorites ----------- Power Light Ion Engine Engine Light Ion Engine Propulsion Aluminum Leg Leg Aluminum Leg Wheel Wheel Utility Medium Storage Unit Device Seismic Detector Storage Medium Storage Unit Processor Signal Interpreter Weapon Assault Rifle Energy Gun Particle Gun Ballistic Gun Assault Rifle Launcher Grenade Launcher Special Weapon Mining Laser Build | -11 -10 -10 -10 ------- Run | Yrd Mat Min Sub Slots Evolved . | . . . . Power . | . . . . Propulsion . | . . . . Utility . | . . . . Weapon . | . . . . Parts Attached 22 | 7 8 2 5 Power 3 | 1 1 . 1 Engine 3 | 1 1 . 1 Core . | . . . . Reactor . | . . . . Propulsion 6 | 2 2 1 1 Treads . | . . . . Leg 3 | . 2 1 . Wheel 3 | 2 . . 1 Hover . | . . . . Flight . | . . . . Utility 5 | 2 3 . . Device 1 | 1 . . . Storage 2 | 1 1 . . Processor 2 | . 2 . . Hackware . | . . . . Protection . | . . . . Artifact . | . . . . Weapon 8 | 2 2 1 3 Energy Gun 1 | . . 1 . Energy Cannon . | . . . . Ballistic Gun 5 | 2 2 . 1 Ballistic Cannon . | . . . . Launcher 1 | . . . 1 Special Weapon 1 | . . . 1 Impact Weapon . | . . . . Slashing Weapon . | . . . . Piercing Weapon . | . . . . Special Melee Weapon . | . . . . Unidentified Prototypes . | . . . . Parts Lost 5 | . 2 1 2 Power 2 | . 1 . 1 Propulsion 2 | . 1 . 1 Utility . | . . . . Weapon 1 | . . 1 . Highest Loss Streak 2 | . 2 1 2 To Critical Strikes . | . . . . Average Backups 9 | 4 9 9 9 Power . | 1 . . . Propulsion 1 | 2 1 1 1 Utility 4 | . 4 5 5 Weapon 2 | . 2 2 2 Tool/Special . | . . . . Unused Backups 13 | . 5 . 8 Power . | . . . . Propulsion 3 | . 2 . 1 Utility 8 | . 3 . 5 Weapon 1 | . . . 1 Tool/Special 1 | . . . 1 Average Slot Usage (%) 99 | . 99 99 99 Engine 13 | . 13 14 14 Leg 18 | . 16 28 16 Wheel 8 | . 10 . 10 Storage 14 | . 14 14 14 Processor 13 | . 12 14 14 Energy Gun 5 | . . 12 8 Ballistic Gun 20 | . 28 14 10 Launcher 1 | . . . 4 Special Weapon 1 | . . . 3 Peak Build Rating 11 | 7 8 9 11 Average Rating 8 | 5 7 8 10 On Entrance 6 | . 7 8 9 Avg Prop Armor Cover (%) 8 | . . . 8 Naked Turns . | . . . . Heaviest Build 20 | 11 17 18 20 Greatest Support 20 | 20 20 20 20 Greatest Overweight (x) 1 | . 1 . 1 Average Overweight (x) . | . . . . Largest Inventory Capacity 10 | 8 10 10 10 Average Capacity 9 | 7 9 10 10 Most Carried 10 | 7 10 10 10 Average Carried 9 | 5 9 9 9 Final Capacity 10 | 8 10 10 10 Final Carried 10 | 7 9 10 10 Class Distribution -------------------- 92% | Mutant 7% | Scavenger-Mutant Dominant Class ---------------- Mutant | -10/Materials Mutant | -10/Mines Mutant | -10/Subcaves Resources | -11 -10 -10 -10 ----------- Run | Yrd Mat Min Sub Matter Collected 977 | 308 361 46 262 Remotely . | . . . . Salvage Created 1009 | 146 526 106 231 Parts 52 | 9 29 5 9 Haulers Intercepted 2 | . 2 . . Recyclers Shooed 1 | . 1 . . Parts Field Recycled . | . . . . Retrieved Matter . | . . . . Parts Self-Destructed 5 | . . . 5 Prevented . | . . . . Parts Restored . | . . . . Kills | -11 -10 -10 -10 ------- Run | Yrd Mat Min Sub Combat Hostiles Destroyed 17 | . 9 2 6 Guns 15 | . 9 2 4 AOE 2 | . . . 2 Classes Destroyed 10 | 2 6 . 2 Worker 1 | . 1 . . Tunneler 4 | 4 . . . Hauler 2 | . 2 . . Recycler 1 | 1 . . . Mechanic 1 | . 1 . . Watcher 3 | . 3 . . Swarmer 3 | . 3 . . Grunt 9 | . 6 2 1 Sentry 1 | . . . 1 Subdweller 4 | . . . 4 Best Kill Streak 4 | 4 4 2 2 Combat Bots Only 3 | . 3 2 2 Max Kills in Single Turn 2 | 1 2 1 1 Gunslinging . | . . . . Exploded 1 | . . . 1 Melee . | . . . . Uniques/NPCs Destroyed . | . . . . Combat | -11 -10 -10 -10 -------- Run | Yrd Mat Min Sub Hostile Shots Fired 103 | . 46 11 46 Missed 37 | . 14 3 20 Hits 66 | . 32 8 26 Projectile 66 | . 32 8 26 Critical Strikes 3 | . 1 . 2 Damage Taken 1034 | . 400 110 524 Core 270 | . 89 37 144 Absorbed by Shields . | . . . . Core Remaining (%) 100 | 100 . . . Volleys Fired 140 | 19 65 8 48 Largest 2 | 2 2 2 2 Hottest 100 | 40 40 40 100 Shots Fired 261 | 38 130 10 83 Gun 245 | 38 130 10 67 Cannon . | . . . . Launcher 9 | . . . 9 Special 7 | . . . 7 Kinetic 215 | 38 130 10 37 Thermal 37 | . . . 37 Explosive 9 | . . . 9 Electromagnetic . | . . . . Robot Hit Streak 14 | 5 8 5 14 Robot Miss Streak 6 | 6 5 1 2 Penetration Max . | . . . . Secondary Targets 3 | . 3 . . Max Gunslinging Chain 1 | . 1 . . Shots Hit Robots 130 | 19 64 8 39 Core Hits 63 | 11 32 6 14 Critical Kills 1 | . . . 1 Critical Parts Destroyed . | . . . . Critical Strikes 1 | . . . 1 Destroy 1 | . . . 1 Melee Attacks . | . . . . Impact . | . . . . Slashing . | . . . . Piercing . | . . . . Sneak Attacks . | . . . . Combat Hostiles . | . . . . Follow-up Attacks . | . . . . Damage Inflicted 1790 | 175 732 105 778 Guns 1497 | 175 723 103 496 Cannons . | . . . . Explosions 282 | . . . 282 Melee . | . . . . Ramming 11 | . 9 2 . Kinetic 1233 | 175 723 103 232 Thermal 264 | . . . 264 Explosive 282 | . . . 282 Electromagnetic . | . . . . Impact . | . . . . Slashing . | . . . . Piercing . | . . . . Highest Corruption . | . . . . Average Corruption . | . . . . Corruption Purged . | . . . . Corruption Blocked . | . . . . Overload Shots . | . . . . Overflow Damage . | . . . . Projectiles . | . . . . Explosions . | . . . . Melee . | . . . . Knockbacks . | . . . . Impact . | . . . . Kinetic . | . . . . Secondary . | . . . . Self-Inflicted Damage . | . . . . Shots . | . . . . Rammed . | . . . . Targets Rammed 4 | . 1 3 . Kicked 4 | . 1 3 . Crushed . | . . . . Highest Temperature 37 | . 27 5 37 Average Temperature 8 | . 7 5 9 Received Heat Transfer 414 | . 231 63 120 Siege Activations . | . . . . Martial Activations . | . . . . Shielding Activations . | . . . . Robots Disrupted . | . . . . Combat Hostiles . | . . . . Robots Corrupted . | . . . . Combat Hostiles . | . . . . Parts Fried . | . . . . Impact Corruptions . | . . . . Robots Melted . | . . . . Combat Hostiles . | . . . . Parts Melted . | . . . . Heat Transferred 629 | . . . 629 Parts Sabotaged . | . . . . Parts Stolen . | . . . . Parts Stripped . | . . . . Power Chain Reactions . | . . . . Alert | -11 -10 -10 -10 ------- Run | Yrd Mat Min Sub Maximum Alert Level . | . . . . Low Security (%) 100 | 100 100 100 . Level 1 . | . . . . Level 2 . | . . . . Level 3 . | . . . . Level 4 . | . . . . Level 5 . | . . . . High Security . | . . . . Max Security . | . . . . Peak Influence 107 | 10 107 45 . Initial 3 | . 3 . . Average 18 | 2 24 7 . Influence Increases 400 | 25 270 65 40 Destroy 0b10 Robot/C 260 | . 180 40 40 Destroy 0b10 Robot/NC 60 | 25 35 . . Destroy Leader 60 | . 50 10 . Successful Hack 5 | . 5 . . Disable Machine 15 | . . 15 . Influence Decreases 400 | 20 275 65 40 Entered New Map 2 | . 2 . . Time Decay 336 | 20 231 55 30 Lost Part 40 | . 20 10 10 Purge Threat 22 | . 22 . . Squads Dispatched 1 | . 1 . . Investigation 1 | . 1 . . Extermination . | . . . . Reinforcement . | . . . . Assault . | . . . . Garrison . | . . . . Intercept . | . . . . Searches Triggered . | . . . . Construction Impeded . | . . . . Haulers Reinforced . | . . . . Active Scanning Responses . | . . . . Cargo Convoy Interrupts . | . . . . Stealth | -11 -10 -10 -10 --------- Run | Yrd Mat Min Sub Distress Signals 1 | . 1 . . Communications Jammed . | . . . . Distress Signals . | . . . . Times Spotted 25 | . 14 2 9 Peak Tracking Total 3 | . 3 2 2 Tactical Retreats . | . . . . Traps | -11 -10 -10 -10 ------- Run | Yrd Mat Min Sub Traps Triggered 2 | . 1 . 1 Indirectly . | . . . . Trap Hack Attempts . | . . . . Triggered . | . . . . Disarmed . | . . . . Reprogrammed 6 | . 6 . . Reused . | . . . . Traps Extracted . | . . . . Installed . | . . . . Triggered . | . . . . Machines | -11 -10 -10 -10 ---------- Run | Yrd Mat Min Sub Machines Disabled 1 | . . 1 . Max in Single Turn 1 | . . 1 . Machines Repaired . | . . . . Machines Dismantled . | . . . . Machines Sabotaged . | . . . . Overloaded Fab Kills . | . . . . Hacking | -11 -10 -10 -10 --------- Run | Yrd Mat Min Sub Machines Accessed 7 | . 7 . . Terminals 7 | . 7 . . Fabricators . | . . . . Repair Stations . | . . . . Recycling Units . | . . . . Scanalyzers . | . . . . Garrison Access . | . . . . Total Hacks 16 | . 16 . . Successful 7 | . 7 . . Failed 9 | . 9 . . Catastrophic 1 | . 1 . . Database Lockouts . | . . . . Manual 5 | . 5 . . Terminals 16 | . 16 . . Fabricators . | . . . . Repair Stations . | . . . . Recycling Units . | . . . . Scanalyzers . | . . . . Garrison Access . | . . . . Terminal Hacks 5 | . 5 . . Terminal Index 1 | . 1 . . Alert Level 1 | . 1 . . Unreport Threat 1 | . 1 . . Locate Traps 1 | . 1 . . Reprogram Traps 1 | . 1 . . Fabricator Hacks . | . . . . Repair Station Hacks . | . . . . Recycling Unit Hacks . | . . . . Scanalyzer . | . . . . Garrison Access Hacks . | . . . . Unauthorized Hacks 2 | . 2 . . Terminals 2 | . 2 . . Botnet 2 | . 2 . . Fabricators . | . . . . Repair Stations . | . . . . Recycling Units . | . . . . Scanalyzers . | . . . . Garrison Access . | . . . . Data Cores Recovered . | . . . . Used . | . . . . Hacking Detections 7 | . 7 . . Full Trace Events . | . . . . Feedback Events . | . . . . Feedback Blocked . | . . . . Robot Schematics Acquired . | . . . . Robots Built . | . . . . Authchips . | . . . . Time . | . . . . Total Robot Build Rating . | . . . . Part Schematics Acquired . | . . . . Parts Built . | . . . . Authchips . | . . . . Time . | . . . . Total Part Build Rating . | . . . . Part Studies Acquired . | . . . . Parts Repaired . | . . . . Time . | . . . . Parts Recycled . | . . . . Recycled Matter . | . . . . Retrieved Matter . | . . . . Retrieved Components . | . . . . Parts Scanalyzed . | . . . . Part Schematics Acquired . | . . . . Parts Damaged . | . . . . Bothacking | -11 -10 -10 -10 ------------ Run | Yrd Mat Min Sub Used RIF Installer . | . . . . Robots Hacked . | . . . . Non-combat . | . . . . Combat . | . . . . Robot Hacks Applied . | . . . . Relay Couplers Released . | . . . . Fabnet Peak Effective % . | . . . . Robots Rewired . | . . . . Allies Hacked . | . . . . Hacks Repelled . | . . . . Allies | -11 -10 -10 -10 -------- Run | Yrd Mat Min Sub Total Allies . | . . . . Largest Group . | . . . . Highest-Rated Group . | . . . . Highest-Rated Ally . | . . . . Total Orders . | . . . . Ally Attacks . | . . . . Total Damage . | . . . . Kills . | . . . . Allies Corrupted . | . . . . Allies Melted . | . . . . Intel | -11 -10 -10 -10 ------- Run | Yrd Mat Min Sub Active Infowar (turns) 107 | 36 71 . . Seismic 107 | 36 71 . . Robot Analysis Total . | . . . . Derelict Logs Recovered 1 | . . . 1 Drone Launches . | . . . . Drone Recoveries . | . . . . Exploration | -11 -10 -10 -10 ------------- Run | Yrd Mat Min Sub Turns Passed 2032 | 132 1004 375 521 Spaces Moved 1432 | 77 748 290 317 Core 4 | 4 . . . Treads . | . . . . Legs 790 | . 461 290 39 Wheels 638 | 73 287 . 278 Hover . | . . . . Flight . | . . . . Fastest Speed 50 | 50 80 120 110 Average Speed 108 | 78 104 120 112 Slowest Speed 190 | 80 120 120 190 Overloaded Moves . | . . . . Propulsion Burnouts . | . . . . Robots Hopped . | . . . . Potential Cave-ins . | . . . . Cave-ins Triggered . | . . . . Exploration Rate (%) 43 | 6 84 55 28 Regions Visited 3 Branch Regions 2 Pre-discovered Areas 1 | . . . 1 Known Exits Taken 2 | . 1 1 . Unknown Exits Taken 1 | 1 . . . Scrap Searched 4 | . . . 4 Spaces Dug . | . . . . Terrain Destroyed 39 | . . . 39 Melee . | . . . . Projectile . | . . . . AOE 39 | . . . 39 Terrain Rammed . | . . . . Walls Destroyed . | . . . . Machines Disabled . | . . . . Actions | -11 -10 -10 -10 --------- Run | Yrd Mat Min Sub Total 1657 | 117 852 306 382 Wait 7 | 1 4 . 2 Move 1429 | 76 747 289 317 Hop . | . . . . Pick Up 34 | 14 14 3 3 Fast Attach 2 | . 2 . . Attach 14 | 7 3 1 3 Detach 1 | . . . 1 Swap 11 | . 3 1 7 Drop 15 | . 13 1 1 Fire 140 | 19 65 8 48 Melee . | . . . . Ram . | . . . . Kick 4 | . 1 3 . Crush . | . . . . Escape Stasis . | . . . . Rewire . | . . . . Trap . | . . . . Miscellaneous . | . . . . Route ------- -11/Scrapyard -10/Materials (discovered 4 exits: *Mat x2 / *Min x2) -10/Mines (discovered 2 exits: *Mat / *Sub) -10/Subcaves History --------- Turn | Location | Event 45 | -11/Scrapyard | Discovered new exit (range 12) 133 | -11/Scrapyard | Entered Materials 303 | -10/Materials | Build established: Mutant 373 | -10/Materials | Discovered new exit (range 12) 443 | -10/Materials | Discovered new exit (range 9) 637 | -10/Materials | Discovered new exit (range 8) 784 | -10/Materials | Discovered new exit (range 16) 827 | -10/Materials | Identified exit to Materials 944 | -10/Materials | Identified exit to Mines 1137 | -10/Materials | Entered Mines 1152 | -10/Mines | Core integrity fell below 50% 1357 | -10/Mines | Discovered exit to Materials (range 14) 1362 | -10/Mines | Discovered new exit (range 6) 1368 | -10/Mines | Identified exit to Subcaves 1512 | -10/Mines | Entered Subcaves 1660 | -10/Subcaves | A swath of the cavern ceiling suddenly collapsed 1721 | -10/Subcaves | Learned location of Zion (-6) 1721 | -10/Subcaves | Met a Zionite searching for "candidates" 1852 | -10/Subcaves | Core integrity fell below 20% 1925 | -10/Subcaves | Learned Materials security intel 2033 | -10/Subcaves | Destroyed by EN-7JF(R) with Subdweller Laser Last Messages --------------- 01925_ Acquired derelict log, extracted data. Data stored: Materials security intel. 01954_ Searching scrap... 01954_ Found Mak. Light Armor Plating. 01954_ Found Barrage Gun. 01954_ Found 47 Matter. 01955_ Acquired 47 matter. 01958_ Searching scrap... 01958_ Found Sub. Monowheel. 01958_ Found Battle Cannon. 01958_ Found 59 Matter. 01959_ Acquired 59 matter. 01959_ Searching scrap... 01959_ Found Riot Gun. 01959_ Found 64 Matter. 01960_ Acquired 13 matter. 01963_ Searching scrap... 01963_ Found Slug Cannon. 01963_ Found 45 Matter. 01965_ Acquired Slug Cannon. Map ----- +----------------------------------------------------+ | ???????????# ?????????????????????????????? | | ??????????? ?????????????????????????????? | | ??????????? ?????????????????????????????? | | ??????????# ??????????????????????????????? | | ????????## ??????????????????????????????? | | ????????# ??????????????????????????????? | | ????????# #??????????????????????????????? | | ???????## ##?????????????????????????????? | | ???????# #?????????????????????????????? | | ???????# #?????????????????????????????? | | ####???# #??????????????????????????????? | | ##?## #???????????????????????????????? | | # ### ####????????????????????????????? | | # #######??????????????????????? | | ## # ??????????????????????? | | ### ### #????????????????????? | | ### #### RR ##???????????????????? | | ####### #???????????????????? | | # ## #####???????????????? | | # ##??????????????? | | ##?# #??????????????? | | ## # # #???# #??????????????? | | ########## ##?## #??????????????? | | ##### #### #?## #??????????????? | | ??# #?## #?# #??????????????? | | ??# #??## #### @ #??????????????? | | ??# #???### #?## #??????????????? | | ### #??????? #??## ##??????????????? | | # #??##### ##???####???????????????? | | #??# # ##??????????????????????? | | ##?# #??????????????????????? | | ## ### # ??????????????????????? | | ###### ##???????????????????????? | | ?????## #????????????????????????? | | ??????#### #????????????????????????? | | ????###??# ##????????????????????????? | | ### ### #?????????????????????????? | | #?????????????????????????? | | #??????##?????????????????? | | ###????? #?????????????????? | | ## ###???? #?????????????????? | | ?# #### ##????????????????? | | ?# ##### ##???????????????? | | # ????## #???????????????? | | ??????# #??????????????? | | ? ???????# ##### #??????????????? | | ??????????# ####?????? ????????????????? | | ??????????## ####???????????????????????? | | ??????????## ##??????????????????????? | | ?????????## ##?????????????????????? | +----------------------------------------------------+ Best States ------------- Heat Dissipation 25 Energy Generation 10 Energy Capacity 250 Matter Stores 300 Matter Capacity 300 Sight Range 16 Terrain Scan Density 10 Evasion (%) 55 Targeting Accuracy 5 Item Schematics ----------------- None Robot Schematics ------------------ None Fabricated ------------ Nothing Repaired ---------- Nothing Studied --------- None Alien Tech Used ----------------- None Achievements -------------- None Challenges ------------ None Game ------ Seed InertialPulseJetlance Manual? 0 Play Time 00:25:14 Cumulative 48.5 hours Start 2025.10.24 @ 23:58:18 End 2025.10.25 @ 00:31:47 Sessions 1 Manual Loads 0 Difficulty Rogue Special Mode None Game No. 60 Rogue 60 Adventurer 0 Explorer 0 Win Type - Total 0 Types 0/0/0/0/0/0/0/0/0/0 Lore% 18 Gallery% 30 Achievement% 20 Wizard Run 0 Options --------- Layout 1 ASCII 0 Keyboard 0 Movement Mouse Keybinds 0 Fullscreen 2 Font 28/SmallcapsGlow Map View 55x47 Zoom Use 7% Tactical HUD 1 Map Filters NONE Filters NONE Steam 1 RUN: d29c4f5e-bda2-4704-aced-62f58fc867fc